 Dungeon Sprint DCSS version 0.26.1-2-gb8aa6d0cf2 (webtiles) character file.

Game seed: 10292391652085550579

1242 Groucho the Covert (level 8, -4/43 (48) HPs)
             Began as an Octopode Transmuter on Feb 14, 2021.
             Was a Believer of Sif Muna.
             Killed from afar by Josephine (14 damage)
             ... with a ghostly fireball
             ... in the Dungeon (Sprint III: "The Ten Rune Challenge").
             The game lasted 00:05:21 (2009 turns).

Groucho the Covert (Octopode Transmuter)            Turns: 2009, Time: 00:05:21

HP:   -4/43 (48)    AC:  4    Str:  9    XL:     8   Next: 49%
MP:   20/20         EV: 17    Int: 14    God:    Sif Muna [**....]
Gold: 37            SH:  0    Dex: 14    Spells: 4/23 levels left

rFire    . . .     SeeInvis .     - Unarmed
rCold    . . .     Faith    .   (no shield)
rNeg     . . .     Spirit   .   (helmet restricted)
rPois    .         Reflect  .   (no amulet)
rElec    .         Harm     .   (no ring)
rCorr    .         Rampage  .   (no ring)
Will     .....     NoTele   +   (no ring)
Stlth    ++++++....             (no ring)
HPRegen  0.14/turn              (no ring)
MPRegen  0.17/turn              (no ring)
                                (no ring)
                                (no ring)

@: heavily drained
A: almost no armour, stealthy swim, amphibious, 8 rings, constrict 8, beak,
tentacle spike 1, thin metallic scales 1, camouflage 1, dopey 1, shaggy fur 1,
gelatinous body 1
a: Renounce Religion, Channel Magic


You were in the Dungeon.
You worshipped Sif Muna.
Sif Muna was pleased with you.
You visited 1 branch You collected 37 gold pieces.

Inventory:

Wands
 c - a wand of iceblast (7)
Scrolls
 a - a scroll of enchant weapon {unknown}
 g - a scroll of blinking
 h - 2 scrolls of holy word {unknown}
 i - 3 scrolls of identify
 j - 4 scrolls of remove curse
Potions
 b - a potion of curing
 d - a potion of haste
 e - 2 potions of magic
 k - 3 potions of flight


   Skills:
 - Level 1.0 Fighting
 + Level 7.4 Dodging
 + Level 11.7 Stealth
 + Level 9.0 Unarmed Combat
 + Level 8.0 Spellcasting
 + Level 8.7 Transmutations


You had 4 spell levels left.
You knew the following spells:

 Your Spells              Type           Power        Failure   Level
a - Beastly Appendage     Tmut           60%          1%          1
b - Spider Form           Tmut/Pois      8%           6%          3
c - Confusing Touch       Hex            5%           36%         3
d - Gell's Gravitas       Tloc           2%           36%         3
e - Ice Form              Ice/Tmut       17%          22%         4
f - Blade Hands           Tmut           15%          10%         5

Your spell library contained the following spells:

 Spells                   Type           Power        Failure   Level
 Wereblood                Tmut           30%          1%          2
 Petrify                  Tmut/Erth      17%          22%         4
 Yara's Violent Unravell  Hex/Tmut       8%           52%         5
 Metabolic Englaciation   Hex/Ice        2%           98%         5


Dungeon Overview and Level Annotations

Branches:
Dungeon (1/1)

Altars:
Cheibriados
Dithmenos
Elyvilon
Fedhas
Gozag
Hepliaklqana
Kikubaaqudgha
Makhleb
Nemelex Xobeh
Okawaru
Qazlal
Ru
Sif Muna
Trog
Uskayaw
Vehumet
Wu Jian
Xom
Yredelemnul
Zin
The Shining One
Beogh
Jiyva
Lugonu

Annotations:
D Josephine


Innate Abilities, Weirdness & Mutations

You cannot wear most types of armour.
You are very stealthy in the water. (Stealth+)
You are amphibious.
You can wear up to eight rings at the same time.
You can use your tentacles to constrict eight enemies at once.
Your skin changes colour to match your surroundings (Stealth+).
Your rubbery body absorbs attacks. (AC +1, EV +1)
You have a beak for a mouth.
One of your tentacles bears a spike.
You are partially covered in thin metallic scales. (AC +2)
You are dopey. (Int -2)
You are covered in fur. (AC +1)


Message History

Josephine is lightly wounded.
Josephine misses you.
You tentacle-slap Josephine. You grab Josephine. You peck Josephine.
Josephine is moderately wounded.
You constrict Josephine.
Josephine grins evilly.
Josephine gestures at you while chanting.
The ghostly flame explodes!
The ghostly fireball engulfs you!!
You feel drained.
Ouch! That really hurt!
* * * LOW HITPOINT WARNING * * *
The ghostly fireball engulfs Josephine.
Josephine completely resists.
Unknown command.
Unknown command.
You bludgeon Josephine!
You pierce Josephine, but do no damage.
Josephine is moderately wounded.
You constrict Josephine, but do no damage.
Josephine points at you and mumbles some strange words.
The ghostly flame explodes!
The ghostly fireball engulfs you!
You feel drained.
You die...

.#)..#__)#._#
.###'#'###'##
.#..........#
.'.⌠........#
.#...######'#
.#.⌠.#__#...#+#####
.#...#__#...#§§≈≈≈+
.#'###__#...#§#§§≈#
.#)).#__#...'§#§@§#
.#___#__'...#.#§@§#
▓▓▓▓▓▓▓▓▓▓▓▓▓▓▓▓▓▓▓


You could see Josephine.

Vanquished Creatures
  A deep elf mage (D)
  A shadow (D)
  A spatial vortex (D)
  A necrophage (D)
  A water elemental (D)
  A jelly (D)
  A wizard (D)
  Jessica (D)
  A necromancer (D)
  3 humans (D)
  A kobold demonologist (D)
  An ooze (D)
  A phantom (D)
  A rat (D)
16 creatures vanquished.

Vanquished Creatures (others)
  3 plants (D)
3 creatures vanquished.

Grand Total: 19 creatures vanquished

Notes
Turn   | Place    | Note
-------+----------+-------------------------------------------
     0 | D        | Groucho the Octopode Transmuter began the quest for the
                  | Orb.
     0 | D        | Reached XP level 1. HP: 13/13 MP: 3/3
    10 | D        | Reached skill level 2 in Stealth
    53 | D        | Noticed Jessica
    60 | D        | Killed Jessica
    61 | D        | Reached skill level 4 in Stealth
    61 | D        | Reached XP level 2. HP: 18/18 MP: 6/6
    61 | D        | Reached XP level 3. HP: 23/23 MP: 7/7
    65 | D        | Learned a level 3 spell: Spider Form
   117 | D        | Gained mutation: Your spells are a little harder to cast,
                  | but a little more powerful. [potion of mutation]
   117 | D        | Gained mutation: You are frail. (-10% HP) [potion of
                  | mutation]
   117 | D        | Gained mutation: You are partially covered in thin metallic
                  | scales. (AC +2) [potion of mutation]
   117 | D        | Gained mutation: You are surrounded by a mild repulsion
                  | field. (EV +2) [potion of mutation]
   118 | D        | Lost mutation: You are frail. (-10% HP) [potion of
                  | mutation]
   118 | D        | Lost mutation: Your spells are a little harder to cast, but
                  | a little more powerful. [potion of mutation]
   118 | D        | Lost mutation: You are partially covered in thin metallic
                  | scales. (AC +2) [potion of mutation]
   118 | D        | Lost mutation: You are surrounded by a mild repulsion
                  | field. (EV +2) [potion of mutation]
   118 | D        | Gained mutation: You expend magic power (3 MP) to
                  | strengthen your wands. [potion of mutation]
   118 | D        | Gained mutation: Your flesh is cold resistant. (rC+)
                  | [potion of mutation]
   119 | D        | Lost mutation: You expend magic power (3 MP) to strengthen
                  | your wands. [potion of mutation]
   119 | D        | Lost mutation: Your flesh is cold resistant. (rC+) [potion
                  | of mutation]
   119 | D        | Gained mutation: You expend magic power (3 MP) to
                  | strengthen your wands. [potion of mutation]
   119 | D        | Gained mutation: Scrolls take you a little longer to read.
                  | [potion of mutation]
   119 | D        | Gained mutation: Your mind is acute. (Int +2) [potion of
                  | mutation]
   120 | D        | Lost mutation: You expend magic power (3 MP) to strengthen
                  | your wands. [potion of mutation]
   120 | D        | Lost mutation: Scrolls take you a little longer to read.
                  | [potion of mutation]
   120 | D        | Lost mutation: Your mind is acute. (Int +2) [potion of
                  | mutation]
   120 | D        | Gained mutation: You are agile. (Dex +2) [potion of
                  | mutation]
   120 | D        | Gained mutation: Your muscles are strong. (Str +2) [potion
                  | of mutation]
   120 | D        | Gained mutation: You have a beak for a mouth. [potion of
                  | mutation]
   120 | D        | Gained mutation: You have a pair of small antennae on your
                  | head. [potion of mutation]
   121 | D        | Lost mutation: You have a pair of small antennae on your
                  | head. [potion of mutation]
   121 | D        | Lost mutation: You are agile. (Dex +2) [potion of mutation]
   121 | D        | Gained mutation: You are dopey. (Int -2) [potion of
                  | mutation]
   121 | D        | Gained mutation: You are robust. (+10% HP) [potion of
                  | mutation]
   122 | D        | Lost mutation: Your muscles are strong. (Str +2) [potion of
                  | mutation]
   122 | D        | Lost mutation: You are robust. (+10% HP) [potion of
                  | mutation]
   122 | D        | Gained mutation: You are partially covered in thin metallic
                  | scales. (AC +2) [potion of mutation]
   122 | D        | Gained mutation: You are covered in fur. (AC +1) [potion of
                  | mutation]
   122 | D        | Gained mutation: One of your tentacles bears a spike.
                  | [potion of mutation]
   644 | D        | Noticed a water elemental
   651 | D        | Killed a water elemental
   652 | D        | Reached skill level 6 in Stealth
   652 | D        | Reached skill level 5 in Unarmed Combat
   652 | D        | Reached XP level 4. HP: 28/28 MP: 8/10
   853 | D        | Found a radiant altar of Vehumet.
   854 | D        | Found a shimmering blue altar of Sif Muna.
   854 | D        | Found an ancient bone altar of Kikubaaqudgha.
   854 | D        | Noticed a wizard
   859 | D        | Killed a wizard
   860 | D        | Reached skill level 5 in Transmutations
   860 | D        | Reached XP level 5. HP: 33/33 MP: 12/12
   864 | D        | Reached skill level 7 in Stealth
   864 | D        | Reached skill level 5 in Spellcasting
  1059 | D        | Learned a level 3 spell: Confusing Touch
  1063 | D        | Learned a level 3 spell: Gell's Gravitas
  1068 | D        | Learned a level 4 spell: Ice Form
  1071 | D        | Found a hide-covered altar of Uskayaw.
  1071 | D        | Found an iron altar of Okawaru.
  1077 | D        | Found a shadowy altar of Dithmenos.
  1077 | D        | Noticed a necrophage
  1078 | D        | Found a basalt altar of Yredelemnul.
  1078 | D        | Found a sacrificial altar of Ru.
  1092 | D        | Killed a necrophage
  1093 | D        | Reached skill level 8 in Stealth
  1093 | D        | Reached XP level 6. HP: 21/38 MP: 12/14
  1115 | D        | Became a worshipper of Sif Muna the Loreminder
  1335 | D        | Found a glowing silver altar of Zin.
  1336 | D        | Found a glowing golden altar of the Shining One.
  1336 | D        | Found a white marble altar of Elyvilon.
  1336 | D        | Noticed a deep elf mage
  1342 | D        | Killed a deep elf mage
  1343 | D        | Reached skill level 10 in Stealth
  1343 | D        | Reached XP level 7. HP: 36/43 MP: 14/17
  1398 | D        | Learned a level 5 spell: Blade Hands
  1406 | D        | Found a roughly hewn altar of Beogh.
  1406 | D        | Found a bloodstained altar of Trog.
  1406 | D        | Found an ornate altar of the Wu Jian Council.
  1406 | D        | Noticed a human
  1406 | D        | Noticed a human
  1415 | D        | Killed a human
  1416 | D        | Killed a human
  1416 | D        | Reached * piety under Sif Muna
  1417 | D        | Reached skill level 11 in Stealth
  1417 | D        | Reached XP level 8. HP: 12/48 MP: 16/19
  1756 | D        | Noticed a shadow
  1768 | D        | Killed a shadow
  1948 | D        | Found a blossoming altar of Fedhas.
  1948 | D        | Found a stormy altar of Qazlal.
  1949 | D        | Found a snail-covered altar of Cheibriados.
  1949 | D        | Found a burning altar of Makhleb.
  1949 | D        | Found a hazy altar of Hepliaklqana.
  1949 | D        | Found a shimmering altar of Xom.
  1949 | D        | Found an opulent altar of Gozag.
  1949 | D        | Found a sparkling altar of Nemelex Xobeh.
  1949 | D        | Found a corrupted altar of Lugonu.
  1949 | D        | Found a viscous altar of Jiyva.
  1978 | D        | Reached ** piety under Sif Muna
  2005 | D        | Noticed Josephine
  2009 | D        | Killed from afar by Josephine

Illustrated notes

Levels and vault maps discovered:
D:        dungeon_sprint_mu [sprint_mu_entry_forest, sprint_mu_temple_rooms,
          sprint_mu_d1_horrors, sprint_mu_d2_genie, sprint_mu_d3_branching,
          sprint_mu_orc_legion, sprint_mu_elf_gauntlet, sprint_mu_hive_nellie,
          sprint_mu_lair_fedhas, sprint_mu_vaults_butterflies,
          sprint_mu_slime_circle, sprint_mu_swamp_cave, sprint_mu_shoals_archi,
          sprint_mu_blade_basic, sprint_mu_crypt_fortress,
          sprint_mu_tomb_spiral, sprint_mu_vestibule_basic,
          sprint_mu_gehenna_hellfire, sprint_mu_dis_giant,
          sprint_mu_tartarus_statrot, sprint_mu_cocytus_islands, sprint_mu_zot1]

Skill      XL: |  1  2  3  4  5  6  7  8 |
---------------+-------------------------+-----
Stealth        | 4 6 8 10 11 | 11.7
Unarmed Combat | 4 5 6 8 9 |  9.0
Spellcasting   | 3 4 5 7 8 |  8.0
Transmutations | 3 4 5 6 7 8 |  8.7
Dodging        | 4 6 7 |  7.4
Fighting       | |  1.0

Action                   |  1- 3 |  4- 6 |  7- 9 || total
-------------------------+-------+-------+-------++-------
Melee: Unarmed           |    33 |    27 |    29 ||    89
       Constrict         |     3 |     4 |     1 ||     8
       Kick              |     4 |     8 |     5 ||    17
       Punch             |     3 |       |     2 ||     5
       Tentacles         |     2 |     7 |     7 ||    16
       Peck              |     4 |     7 |     2 ||    13
 Cast: Beastly Appendage |     3 |       |       ||     3
       Spider Form       |     1 |       |     1 ||     2
  Use: Potion            |     8 |       |     1 ||     9
 Stab: Sleeping          |     3 |     3 |     5 ||    11
Armor: Skin              |     2 |     5 |     2 ||     9
Dodge: Dodged            |    14 |    13 |    10 ||    37
